 Dungeon Crawl Stone Soup version 0.26.1-2-gb8aa6d0cf2 (webtiles) character file.

Game seed: 9287333127494830003

2143 jlumianski the Magician (level 9, -5/69 HPs)
             Began as a Gnoll Warper on Mar 30, 2021.
             Was a Believer of Sif Muna.
             Slain by Joseph
             ... wielding a +0 quarterstaff
              (15 damage)
             ... on level 7 of the Dungeon.
             The game lasted 00:37:54 (6671 turns).

jlumianski the Magician (Gnoll Warper)              Turns: 6671, Time: 00:37:55

Health: -5/69      AC: 10    Str: 13    XL:     9   Next: 30%
Magic:  12/18      EV: 16    Int: 22    God:    Sif Muna [**....]
Gold:   79         SH:  5    Dex: 21    Spells: 6/21 levels left

rFire    + . .     SeeInvis .   G - +1 war axe (freeze)
rCold    . . .     Faith    .   (no shield)
rNeg     . . .     Spirit   .   M - +3 leather armour {rF+}
rPois    .         Reflect  +   v - +1 helmet {Int+3}
rElec    .         Harm     .   K - scarf {+Inv}
rCorr    .         Rampage  .   (no gloves)
Will     .....                  s - +0 pair of boots
Stlth    +++.......             n - amulet of reflection
HPRegen  0.21/turn              C - +6 ring of dexterity
MPRegen  0.16/turn              (no ring)

@: no status effects
A: distributed training, fangs 1, strong nose
a: Renounce Religion, Evoke Invisibility, Channel Magic


You were on level 7 of the Dungeon.
You worshipped Sif Muna.
Sif Muna was pleased with you.
You visited 1 branch of the dungeon, and saw 7 of its levels.

You collected 319 gold pieces.
You spent 240 gold pieces at shops.

Inventory:

Hand Weapons
 a - a +0 hand axe
 g - a +3 quarterstaff of chaos
 j - a +0 war axe
 r - a +1 dagger of draining
 x - a +0 short sword of draining
 G - a +1 war axe of freezing (weapon)
 I - a +0 dagger of freezing
 L - a +0 dagger of holy wrath
 N - a +4 dagger of holy wrath
 O - a +1 glaive of flaming
Missiles
 e - 5 boomerangs of dispersal
 k - 102 stones
 t - 15 boomerangs
 y - 36 poisoned darts (quivered)
Armour
 b - a +0 leather armour
 l - a +0 cloak
 q - a +0 ring mail
 s - a +0 pair of boots (worn)
 v - a +1 helmet of intelligence (worn)
 w - a +2 robe of willpower
 E - a scarf of harm
 H - the +2 helmet of the Dwarven Hall {-Cast Harm rElec rC- Int+8}
   (You took it off Robin on level 3 of the Dungeon)

   It affects your intelligence (+8).
   It makes you vulnerable to cold.
   It insulates you from electricity.
   It prevents spellcasting.
   It increases damage dealt and taken.
 K - a scarf of invisibility (worn)
 M - a +3 leather armour of fire resistance (worn)
 P - +0 steam dragon scales
Jewellery
 n - an amulet of reflection (around neck)
 C - a +6 ring of dexterity (left hand)
Wands
 z - a wand of disintegration (9)
 B - a wand of paralysis (6)
Scrolls
 c - 3 scrolls of identify
 d - 2 scrolls of blinking
 f - a scroll of remove curse
 h - 6 scrolls of teleportation
 p - 2 scrolls of random uselessness
Potions
 i - 4 potions of curing
 m - a potion of attraction
 o - a potion of mutation {unknown}
 u - a potion of haste
 A - 2 potions of flight
 D - a potion of brilliance
 F - a potion of resistance {unknown}
 J - a potion of berserk rage
 Q - a potion of magic {unknown}


   Skills:
 + Level 6.2 Fighting
 + Level 4.1 Short Blades
 + Level 4.1 Long Blades
 + Level 6.2 Axes
 + Level 4.1 Maces & Flails
 + Level 4.1 Polearms
 + Level 4.1 Staves
 + Level 4.1 Slings
 + Level 4.1 Bows
 + Level 4.1 Crossbows
 + Level 4.9 Throwing
 + Level 4.9 Armour
 + Level 6.2 Dodging
 + Level 4.1 Stealth
 + Level 4.1 Shields
 + Level 4.1 Unarmed Combat
 + Level 6.5 Spellcasting
 + Level 3.4 Conjurations
 + Level 3.4 Hexes
 + Level 3.4 Summonings
 + Level 3.4 Necromancy
 + Level 6.5 Translocations
 + Level 3.4 Transmutations
 + Level 3.4 Fire Magic
 + Level 3.4 Ice Magic
 + Level 3.4 Air Magic
 + Level 3.4 Earth Magic
 + Level 3.4 Poison Magic
 + Level 4.5 Invocations
 + Level 4.1 Evocations


You had 6 spell levels left.
You knew the following spells:

 Your Spells              Type           Power        Failure   Level
a - Blink                 Tloc           N/A          1%          2
b - Gell's Gravitas       Tloc           17%          2%          3
c - Teleport Other        Tloc           35%          2%          3
d - Confusing Touch       Hex            22%          8%          3
e - Passage of Golubria   Tloc           N/A          8%          4

Your spell library contained the following spells:

 Spells                   Type           Power        Failure   Level
 Lesser Beckoning         Tloc           17%          2%          3
 Petrify                  Tmut/Erth      22%          26%         4
 Metabolic Englaciation   Hex/Ice        11%          58%         5
 Yara's Violent Unravell  Hex/Tmut       11%          58%         5


Dungeon Overview and Level Annotations

Branches:
Dungeon (7/15)             Temple (0/1) D:5

Altars:
Elyvilon
Fedhas
Kikubaaqudgha
Makhleb
Sif Muna
Trog
Yredelemnul

Shops:
D:5 :

Annotations:
D:6 1 runed translucent door
D:7 Joseph


Innate Abilities, Weirdness & Mutations

Your experience applies equally to all skills.
You have very sharp teeth.
Your uncanny sense of smell can sniff out nearby items.


Message History

You destroy the worker ant zombie!
Sif Muna accepts your kill. Joseph hits you with a +0 quarterstaff!
You hit Joseph but do no damage.
Joseph is moderately wounded.
Joseph misses you.
You hit Joseph. You freeze Joseph. You bite Joseph, but do no damage.
Joseph is moderately wounded.
Joseph hits you with a +0 quarterstaff!
You hit Joseph but do no damage.
Joseph is moderately wounded.
Joseph hits you but does no damage.
You hit Joseph but do no damage.
Joseph is moderately wounded.
Joseph hits you with a +0 quarterstaff!
* * * LOW HITPOINT WARNING * * *
You hit Joseph but do no damage.
Joseph is moderately wounded.
Joseph closely misses you. Joseph hits you with a +0 quarterstaff!
You die...

#.............##
####...........#
#.............#
#.###...<.....#
#.# #.#######.#
#.####### ###
#.#...(( ∆ ∆
#.#.#.#.#.#.
#..)@@(.....
############


You could see Joseph (poisoned).

Vanquished Creatures
  Maggie (D:6)
  Sigmund (D:2)
  Menkaure (D:6)
  Duvessa (D:6)
  A sky beast (D:7)
  An orc warrior (D:7)
  A phantom (D:7)
  2 bullfrogs
  Dowan (D:6)
  A water moccasin zombie (D:5)
  3 jellies (D:6)
  A bullfrog zombie (D:6)
  An orc priest (D:4)
  5 hounds
  Crazy Yiuf (D:3)
  A bullfrog skeleton (D:6)
  4 orc wizards
  Jessica (D:3)
  Natasha (thrice) (D:3)
  2 worker ants (D:4)
  Robin (D:3)
  A worker ant zombie (D:7)
  7 gnolls (D:6)
  8 adders
  A shadow imp (D:5)
  An ooze (D:6)
  An adder zombie (D:5)
  3 adder skeletons (D:4)
  2 worms (D:2)
  A dart slug (D:1)
  6 leopard geckos
  29 orcs
  A ball python (D:3)
  2 giant cockroaches
  10 goblins
  10 hobgoblins
  3 jackals
  6 kobolds
  2 quokkas (D:4)
  A ball python skeleton (D:4)
  4 bats
  A frilled lizard (D:4)
  2 rats
136 creatures vanquished.

Vanquished Creatures (others)
  2 fungi (D:3)
  2 withered plants
4 creatures vanquished.

Grand Total: 140 creatures vanquished

Notes
Turn   | Place    | Note
-------+----------+-------------------------------------------
     0 | D:1      | jlumianski the Gnoll Warper began the quest for the Orb.
     0 | D:1      | Reached XP level 1. HP: 20/20 MP: 6/6
   300 | D:1      | Reached XP level 2. HP: 26/26 MP: 7/7
   404 | D:2      | Learned a level 2 spell: Blink
   598 | D:2      | Reached XP level 3. HP: 30/31 MP: 9/9
   608 | D:2      | Reached skill level 5 in Spellcasting
   644 | D:2      | Learned a level 3 spell: Gell's Gravitas
   648 | D:2      | Learned a level 3 spell: Teleport Other
   674 | D:2      | Reached skill level 1 in Invocations
   910 | D:2      | Reached skill level 1 in Short Blades
   910 | D:2      | Reached skill level 1 in Long Blades
   910 | D:2      | Reached skill level 1 in Maces & Flails
   910 | D:2      | Reached skill level 1 in Polearms
   910 | D:2      | Reached skill level 1 in Staves
   910 | D:2      | Reached skill level 1 in Slings
   910 | D:2      | Reached skill level 1 in Bows
   910 | D:2      | Reached skill level 1 in Crossbows
   910 | D:2      | Reached skill level 1 in Stealth
   910 | D:2      | Reached skill level 1 in Shields
   910 | D:2      | Reached skill level 1 in Unarmed Combat
   910 | D:2      | Reached skill level 1 in Evocations
  1008 | D:2      | Reached XP level 4. HP: 38/38 MP: 7/11
  1046 | D:3      | Reached skill level 1 in Conjurations
  1046 | D:3      | Reached skill level 1 in Hexes
  1046 | D:3      | Reached skill level 1 in Summonings
  1046 | D:3      | Reached skill level 1 in Necromancy
  1046 | D:3      | Reached skill level 1 in Transmutations
  1046 | D:3      | Reached skill level 1 in Fire Magic
  1046 | D:3      | Reached skill level 1 in Ice Magic
  1046 | D:3      | Reached skill level 1 in Air Magic
  1046 | D:3      | Reached skill level 1 in Earth Magic
  1046 | D:3      | Reached skill level 1 in Poison Magic
  1632 | D:2      | Noticed Sigmund
  1649 | D:2      | Killed Sigmund
  1650 | D:2      | Reached XP level 5. HP: 43/43 MP: 12/12
  1650 | D:2      | Reached XP level 6. HP: 50/50 MP: 13/13
  1864 | D:2      | You fall into a shaft and drop 2 floors!
  1879 | D:4      | Found a shimmering blue altar of Sif Muna.
  1896 | D:4      | Became a worshipper of Sif Muna the Loreminder
  1984 | D:4      | Found a white marble altar of Elyvilon.
  2011 | D:4      | Reached skill level 5 in Fighting
  2011 | D:4      | Reached skill level 5 in Axes
  2011 | D:4      | Reached skill level 5 in Dodging
  2583 | D:3      | Noticed Jessica
  2587 | D:3      | Killed Jessica
  2646 | D:3      | Reached XP level 7. HP: 53/56 MP: 15/15
  2655 | D:3      | Noticed Natasha
  2663 | D:3      | Killed Natasha
  2678 | D:4      | Reached * piety under Sif Muna
  2725 | D:5      | Entered Level 5 of the Dungeon
  2982 | D:3      | Identified the +2 helmet of the Dwarven Hall {-Cast Harm
                  | rElec rC- Int+8}
  2982 | D:3      | Noticed Robin
  2984 | D:3      | Noticed Natasha
  2986 | D:3      | Killed Robin
  2999 | D:3      | Killed Natasha
  3227 | D:3      | Noticed Natasha
  3235 | D:3      | Killed Natasha
  3577 | D:3      | Found a runed translucent door.
  3578 | D:3      | Noticed Crazy Yiuf
  3587 | D:3      | Killed Crazy Yiuf
  3791 | D:4      | Found an ancient bone altar of Kikubaaqudgha.
  4339 | D:4      | Reached ** piety under Sif Muna
  4370 | D:4      | Found a bloodstained altar of Trog.
  4614 | D:5      | Found Aguggemis's Book Shoppe.
  4672 | D:5      | Found a blossoming altar of Fedhas.
  4699 | D:5      | Found a burning altar of Makhleb.
  4708 | D:5      | Reached XP level 8. HP: 60/63 MP: 16/16
  4774 | D:5      | Found a basalt altar of Yredelemnul.
  4836 | D:6      | Found a white marble altar of Elyvilon.
  4836 | D:6      | Found a runed translucent door.
  4836 | D:6      | Noticed an angel
  4930 | D:6      | Noticed Maggie
  5255 | D:5      | Found a staircase to the Ecumenical Temple.
  5524 | D:5      | Bought a book of Misfortune for 240 gold pieces
  5990 | D:6      | Noticed Duvessa
  5990 | D:6      | Noticed Dowan
  6002 | D:6      | Killed Duvessa
  6002 | D:6      | Killed Dowan
  6157 | D:6      | Learned a level 3 spell: Confusing Touch
  6197 | D:6      | Killed Maggie
  6202 | D:6      | Reached XP level 9. HP: 59/69 MP: 10/18
  6303 | D:6      | Noticed Menkaure
  6311 | D:6      | Killed Menkaure
  6343 | D:6      | Learned a level 4 spell: Passage of Golubria
  6657 | D:7      | Noticed Joseph
  6671 | D:7      | Slain by Joseph

Illustrated notes

Levels and vault maps discovered:
D:1:      tarquinn_simple_flora_water_e, layout_rooms, st_stairs_5,
          kennysheep_nondescript
D:2:      layout_basic, uniq_sigmund
D:3:      layout_loops_cross, uniq_robin, uniq_natasha, uniq_crazy_yiuf_cottage,
          uniq_jessica
D:4:      layout_basic, kiku_gazebo_garden_becter, lemuel_round_altar,
          lightli_temple_of_fire, elyvilon_altar_5
D:5:      layout_rooms, old_standard_altar, yredelemnul_altar_generic,
          makhleb_heckhound_becter, temple_green, serial_shops,
          nicolae_shop_statue_plus
D:6:      layout_gridville, lemuel_angel_altar, uniq_menkaure, uniq_duvessa,
          uniq_maggie
D:7:      layout_loops_ring, serial_shops, shop, hangedman_minor_gate_pass,
          uniq_prince_ribbit1, uniq_joseph

Skill      XL: |  1  2  3  4  5  6  7  8  9 |
---------------+----------------------------+-----
Spellcasting   | 5 6 |  6.5
Invocations    | 1 2 3 4 |  4.5
Short Blades   | 1 2 3 4 |  4.1
Long Blades    | 1 2 3 4 |  4.1
Maces & Flails | 1 2 3 4 |  4.1
Polearms       | 1 2 3 4 |  4.1
Staves         | 1 2 3 4 |  4.1
Slings         | 1 2 3 4 |  4.1
Bows           | 1 2 3 4 |  4.1
Crossbows      | 1 2 3 4 |  4.1
Stealth        | 1 2 3 4 |  4.1
Shields        | 1 2 3 4 |  4.1
Unarmed Combat | 1 2 3 4 |  4.1
Evocations     | 1 2 3 4 |  4.1
Conjurations   | 1 2 3 |  3.4
Hexes          | 1 2 3 |  3.4
Summonings     | 1 2 3 |  3.4
Necromancy     | 1 2 3 |  3.4
Transmutations | 1 2 3 |  3.4
Fire Magic     | 1 2 3 |  3.4
Ice Magic      | 1 2 3 |  3.4
Air Magic      | 1 2 3 |  3.4
Earth Magic    | 1 2 3 |  3.4
Poison Magic   | 1 2 3 |  3.4
Throwing       | 3 4 |  4.9
Armour         | 3 4 |  4.9
Fighting       | 5 6 |  6.2
Axes           | 5 6 |  6.2
Dodging        | 5 6 |  6.2
Translocations | 6 |  6.5

Action                   |  1- 3 |  4- 6 |  7- 9 || total
-------------------------+-------+-------+-------++-------
Melee: Hand axe          |    33 |       |       ||    33
       Bite              |    12 |    13 |    26 ||    51
       War axe           |    52 |   103 |   208 ||   363
       Dagger            |       |     4 |       ||     4
       Punch             |       |     1 |     3 ||     4
Throw: Stone             |    11 |     1 |       ||    12
       Boomerang         |       |     6 |     5 ||    11
       Dart              |       |     8 |    20 ||    28
 Cast: Gell's Gravitas   |     1 |    10 |    31 ||    42
       Blink             |       |       |     1 ||     1
       Confusing Touch   |       |       |     1 ||     1
       Passage of Golubr |       |       |     2 ||     2
Evoke: Wand              |       |     2 |     3 ||     5
  Use: Potion            |     2 |     1 |     5 ||     8
       Scroll            |     1 |     3 |     5 ||     9
 Stab: Sleeping          |     1 |     1 |     3 ||     5
       Invisible         |     2 |     2 |       ||     4
       Confused          |       |       |     1 ||     1
Armor: Leather armour    |     7 |       |    10 ||    17
       Ring mail         |    15 |    31 |    41 ||    87
       Steam dragon scal |       |       |     1 ||     1
Dodge: Dodged            |    59 |    61 |   137 ||   257
Block: Other             |     5 |    33 |    64 ||   102
       Reflection        |       |     1 |     1 ||     2
